cohdb
Replays
Latest Replays
All Replays
Popular Replays
Top Player Replays
Match Explorer
How It Works
Community
CoH3 Stats
Reddit
Sign in to upload your games and track your stats! →
Sign in with Steam
Match 37905030
Unlisted
Match 37905030
Overview
Messages
Build Orders
End
Construct Section Command Post
Infantry Section
Dingo Light Scout Car
Infantry Section
Infantry Section
Selects Air and Sea Battlegroup
Selects Supply Surplus
Construct Resource Cache
Construct Field Infirmary
Forward Retreat Point
Construct Platoon Command Post
Humber Armored Car
Pascha28
Gerald Bowmans
RafZio
HeadTACO
NoCommentary
Mettiu
Voodoo408
(♡◕ω◕♡)
0
0
Comments
sign in to comment!
No comments posted yet!